 Dungeon Crawl Stone Soup version 0.28-a0-872-g80cf8599ee (webtiles) character file.

Game seed: 12543795588910617426

92 orbtoucher the Stinger (level 4, 0/28 HPs)
             Began as an Octopode Venom Mage on Nov 21, 2021.
             Slain by an adder (3 damage)
             ... on level 5 of the Dungeon.
             The game lasted 00:09:32 (3310 turns).

orbtoucher the Stinger (Octopode Venom Mage)        Turns: 3310, Time: 00:09:32

Health: 0/28       AC:  1    Str:  7    XL:     4   Next: 60%
Magic:  7/7        EV: 13    Int: 18    God:
Gold:   110        SH:  0    Dex: 12    Spells: 1/7 levels left

rFire   . . .      SeeInvis .   a - +0 dagger
rCold   . . .      Faith    .   (no shield)
rNeg    . . .      Spirit   .   (helmet restricted)
rPois   .          Reflect  .   (no amulet)
rElec   .          Harm     .   (no ring)
rCorr   .          Rampage  .   (no ring)
Will    .....                   (no ring)
Stlth   +++.......              (no ring)
HPRegen 0.09/turn               (no ring)
MPRegen 0.10/turn               (no ring)
                                (no ring)
                                (no ring)

@: lethally poisoned (0 -> -4)
A: almost no armour, amphibious, 8 rings, camouflage 1, gelatinous body 1,
(nimble swimmer 1), tentacles
a: no special abilities


You were on level 5 of the Dungeon.
You visited 1 branch of the dungeon, and saw 5 of its levels.

You collected 110 gold pieces.

Inventory:

Hand Weapons
 a - a +0 dagger (weapon)
 b - a +0 hunting sling
Missiles
 e - 6 atropa-tipped darts
 l - 134 stones (quivered)
Scrolls
 d - a scroll of noise {unknown}
 f - a scroll of magic mapping {unknown}
 g - 2 scrolls of teleportation {unknown}
 h - a scroll of identify {unknown}
 k - a scroll of fog {unknown}
Potions
 c - 2 potions of flight {unknown}
 i - 2 potions of lignification {unknown}
 j - a potion of mutation {unknown}
 m - a potion of haste {unknown}


   Skills:
 + Level 1.5 Fighting
 - Level 2.3 Dodging
 - Level 3.3 Stealth
 - Level 2.0 Spellcasting
 + Level 0.8 Conjurations
 - Level 1.0 Transmutations
 + Level 0.7 Air Magic
 * Level 4.9 Poison Magic


You had one spell level left.
You knew the following spells:

 Your Spells              Type           Power      Damage    Failure   Level
a - Sting                 Tmut/Pois      48%        1d5       5%          1
b - Mephitic Cloud        Conj/Pois/Air  9%         N/A       22%         3
v - Poisonous Vapours     Pois/Air       24%        N/A       9%          2

Your spell library contained the following spells:

 Spells                   Type           Power      Damage    Failure   Level
 Olgreb's Toxic Radiance  Pois           19%        N/A       24%         4


Dungeon Overview and Level Annotations

Branches:
Dungeon (6/15)
 Temple: D:4-7

Altars:

Annotations:
D:3 exclusion: bullfrog
D:6 exclusion: bullfrog


Innate Abilities, Weirdness & Mutations

You cannot wear most types of armour.
You are amphibious.
You can wear up to eight rings at the same time.
Your skin changes colour to match your surroundings (Stealth+).
Your rubbery body absorbs attacks. (AC +1, EV +1)
((You are camouflaged near water. (Stealth+)))
You have tentacles for arms and can constrict up to eight enemies at once.


Message History

You puncture the ball python!
You kill the ball python!
You see here a ball python corpse.
You now have 110 gold pieces (gained 10).
You see here a ball python corpse.
Found a rapier. 2 rats come into view.
You fall into a shaft and drop 3 floors!
The shaft crumbles and collapses.
Found a mace.
Okay, then.
You see here a +0 mace.
A bullfrog comes into view.
Found a scroll labelled DOTWAO YTAEVOJ.
You see here a +0 mace.
An adder and a bullfrog come into view.
Found a stone staircase leading up.
The adder hisses angrily.
A centaur zombie comes into view.
The bullfrog hits you but does no damage.
The bullfrog snags a nearby millipede with its tongue.
The bullfrog hits you. The adder barely misses you.
The bullfrog closely misses you. The adder closely misses you.
The adder bites you.
You are poisoned.
The adder poisons you! The bullfrog hits you. The adder misses you.
You feel sick.
There is a stone staircase leading up here.
You feel sick. The bullfrog hits you! The adder bites you.
You are more poisoned.
The adder poisons you! The bullfrog hits you.
* * * LOW HITPOINT WARNING * * *
You climb upwards.
* * * LOW HITPOINT WARNING * * *
You feel sick.
There is a stone staircase leading down here.
* * * LOW HITPOINT WARNING * * *
You feel sick. The adder bites you.
You die...

### #.## #..
#.###.#
########F....#
.......@>#
########S# #.#
###


You could see a bullfrog and an adder.

Vanquished Creatures
  A centaur skeleton (D:2)
  2 adders (D:2)
  5 ball pythons
  4 endoplasms
  2 giant cockroaches (D:2)
  3 hobgoblins
  2 jackals (D:2)
  5 kobolds
  7 quokkas
  4 bats
  2 frilled lizards
  3 goblins
  2 rats
42 creatures vanquished.

Notes
Turn   | Place    | Note
-------+----------+-------------------------------------------
     0 | D:1      | orbtoucher the Octopode Venom Mage began the quest for the
                  | Orb.
     0 | D:1      | Reached XP level 1. HP: 11/11 MP: 3/3
    41 | D:1      | Found a faded altar of an unknown god.
   379 | D:1      | Reached XP level 2. HP: 18/18 MP: 3/5
   489 | D:1      | Learned a level 2 spell: Poisonous Vapours
   615 | D:1      | Reached skill level 4 in Poison Magic
  1084 | D:2      | Reached XP level 3. HP: 22/22 MP: 1/6
  1228 | D:2      | Reached skill level 1 in Fighting
  1923 | D:2      | Learned a level 3 spell: Mephitic Cloud
  2372 | D:2      | Reached XP level 4. HP: 11/28 MP: 5/7
  3183 | D:3      | Noticed a bullfrog
  3291 | D:3      | You fall into a shaft and drop 3 floors!
  3295 | D:6      | Noticed a bullfrog
  3300 | D:6      | Noticed a bullfrog
  3309 | D:5      | Entered Level 5 of the Dungeon
  3310 | D:5      | Slain by an adder

Illustrated notes

Levels and vault maps discovered:
D:1:      scummos_arrival_star, layout_basic, hellmonk_ecumenical_altar_run_dry
D:2:      layout_basic
D:3:      layout_loops_ring, grunt_ministairs_15, minmay_rat_hole
D:5:      layout_basic, minmay_overflow_temple_hex, uniq_prince_ribbit1
D:6:      layout_rooms, kennysheep_windowed_goal, uniq_sigmund,
          uniq_blork_the_orc

Skill      XL: |  1  2  3 |
---------------+----------+-----
Stealth        | 3 |  3.3
Poison Magic   | 4 |  4.9
Fighting       | 1 |  1.5
Dodging        | |  2.3
Spellcasting   | |  2.0
Conjurations   | |  0.8
Transmutations | |  1.0
Air Magic      | |  0.7

Action                   |  1- 3 |  4- 6 || total
-------------------------+-------+-------++-------
Melee: Dagger            |    44 |    11 ||    55
       Tentacles         |     6 |     2 ||     8
       Constrict         |     5 |     5 ||    10
 Cast: Sting             |    19 |       ||    19
       Poisonous Vapours |    35 |    10 ||    45
 Stab: Sleeping          |     1 |     3 ||     4
Armor: Skin              |     6 |     1 ||     7
Dodge: Dodged            |    30 |     6 ||    36

Table legend: (Time is in decaauts)
 A = Elapsed time spent in this place.
 B = Non-inter-level travel time spent in this place.
 C = Inter-level travel time spent in this place.
 D = Time resting spent in this place.
 E = Time spent auto-exploring this place.
 F = Levels seen in this place.
 G = Mean time per level.
                   A        B        C        D        E       F      G
               +--------+--------+--------+--------+--------+-----+--------+
         Total |   3311 |   3230 |     81 |   1464 |   1103 |   5 |  662.2 |
       Dungeon |   3311 |   3230 |     81 |   1464 |   1103 |   5 |  662.2 |
               +--------+--------+--------+--------+--------+-----+--------+

Top non-repeatable levels by time:
     D:2: 1988 daAuts
     D:1: 989 daAuts
     D:3: 315 daAuts
     D:6: 17 daAuts
     D:5: 0 daAuts
